 Dungeon Sprint DCSS version 0.30-a0-360-g447f08457e (webtiles) character file.

Game seed: 1076493594012493172

60 Pestilence the Slasher (level 3, -7/30 HPs)
             Began as a Demonspawn Gladiator on Nov 13, 2022.
             Was an Initiate of Okawaru.
             Mangled by a shadow (27 damage)
             ... in the Dungeon (Sprint IX: "|||||||||||||||||||||||||||||").
             The game lasted 00:00:42 (253 turns).

Pestilence the Slasher (Demonspawn Gladiator)        Turns: 253, Time: 00:00:43

Health: -7/30      AC: 16    Str: 19    XL:     3   Next: 82%
Magic:  3/3        EV:  7    Int:  9    God:    Okawaru [......]
Gold:   0          SH:  0    Dex: 17    Spells: 2/2 levels left

rFire   . . .      SeeInvis .    a - +0 long sword
rCold   . . .      Faith    .    (no shield)
rNeg    . . .      Spirit   .    p - +0 plate armour
rPois   .          Reflect  .    c - +0 helmet
rElec   .          Harm     .    (no cloak)
rCorr   .          Rampage  .    (no gloves)
Will    .....      NoTele   +    o - +0 pair of boots
Stlth   ..........               (no amulet)
HPRegen 0.25/turn                r - +3 ring of strength
MPRegen 0.08/turn                s - +3 ring of dexterity

@: no status effects
A: icy blue scales 2
a: Renounce Religion


You were in the Dungeon.
You worshipped Okawaru.
Okawaru was noncommittal.
You visited 1 branch

Inventory:

Hand Weapons
 a - a +0 long sword (weapon)
Missiles
 d - 3 throwing nets (quivered)
 e - a javelin
Armour
 b - a +0 leather armour
 c - a +0 helmet (worn)
 o - a +0 pair of boots (worn)
 p - a +0 plate armour (worn)
Jewellery
 r - a +3 ring of strength (left hand)
 s - a +3 ring of dexterity (right hand)
Wands
 n - a wand of roots (9)
Scrolls
 k - 2 scrolls of blinking
 m - 2 scrolls of amnesia
Potions
 f - 5 potions of curing
 g - 3 potions of heal wounds
 h - a potion of haste
 i - 4 potions of magic
 j - a potion of berserk rage
 l - a potion of invisibility


   Skills:
 + Level 4.2 Fighting
 + Level 4.3 Long Blades
 - Level 1.7 Throwing
 + Level 3.1 Armour
 + Level 4.3 Dodging


You had 2 spell levels left.
You didn't know any spells.
Your spell library was empty.

Dungeon Overview and Level Annotations

Branches:
Dungeon (1/1)

Altars:
Cheibriados
Dithmenos
Fedhas
Gozag
Hepliaklqana
Kikubaaqudgha
Makhleb
Nemelex Xobeh
Okawaru
Qazlal
Ru
Sif Muna
Trog
Uskayaw
Vehumet
Wu Jian
Xom
Yredelemnul
Jiyva
Lugonu


Innate Abilities, Weirdness & Mutations

You are mostly covered in icy blue scales. (AC +3)


Message History

Press: ? - help, Shift-Dir - straight line, f - you The roots erupt in riotous growth!
The shadow is unaffected.
The shadow hits you.
Unknown command.
Unknown command.
Unknown command.
You hit the shadow.
The shadow is moderately damaged.
The shadow slips into darkness.
The shadow flickers and vanishes!
Deactivating autopickup; reactivate with Ctrl-A.
You hit something but do no damage.
The shadow strikes at you from the darkness!
Reactivating autopickup.
You barely miss the shadow.
The shadow is moderately damaged.
The shadow hits you.
You barely miss the shadow.
The shadow is moderately damaged.
The shadow hits you. x2
You barely miss the shadow.
The shadow is moderately damaged.
The shadow hits you.
You completely miss the shadow.
The shadow is moderately damaged.
The shadow hits you.
You barely miss the shadow.
The shadow is moderately damaged.
The shadow hits you.
You hit the shadow but do no damage.
The shadow is moderately damaged.
The shadow hits you.
You barely miss the shadow.
The shadow is moderately damaged.
The shadow slips into darkness.
The shadow flickers and vanishes!
Deactivating autopickup; reactivate with Ctrl-A.
The shadow strikes at you from the darkness!
Ouch! That really hurt!
You die...

▓.▓
▓.▓
▓)▓
▓.▓
▓.▓
▓.▓
▓.▓
▓[▓
▓@▓
▓{▓
▓Y▓
▓O▓
▓W▓
▓c▓
▓K▓
▓.▓


You could see a two-headed ogre, a yak, a wraith, a kobold brigand and a
centaur.

Vanquished Creatures
  An iguana (D)
  An orc wizard (D)
  2 orcs (D)
  A goblin (D)
  2 quokkas (D)
  2 bats (D)
  A rat (D)
10 creatures vanquished.

Notes
Turn   | Place    | Note
-------+----------+-------------------------------------------
     0 | D        | Pestilence the Demonspawn Gladiator began the quest for the
                  | Orb.
     0 | D        | Reached XP level 1. HP: 16/16 MP: 1/1
    14 | D        | Reached skill level 1 in Armour
   118 | D        | Noticed an orc wizard
   118 | D        | Noticed an iguana
   123 | D        | Killed an orc wizard
   124 | D        | Gained mutation: You are partially covered in icy blue
                  | scales. (AC +2) [demonic ancestry]
   124 | D        | Reached XP level 2. HP: 24/24 MP: 2/2
   124 | D        | Gained mutation: You are mostly covered in icy blue scales.
                  | (AC +3) [demonic ancestry]
   124 | D        | Reached XP level 3. HP: 29/29 MP: 3/3
   173 | D        | Found a snail-covered altar of Cheibriados.
   173 | D        | Found a shadowy altar of Dithmenos.
   173 | D        | Found a blossoming altar of Fedhas.
   173 | D        | Found an opulent altar of Gozag.
   174 | D        | Found a hazy altar of Hepliaklqana.
   175 | D        | Found a viscous altar of Jiyva.
   176 | D        | Found an ancient bone altar of Kikubaaqudgha.
   177 | D        | Found a corrupted altar of Lugonu.
   178 | D        | Found a burning altar of Makhleb.
   179 | D        | Found a sparkling altar of Nemelex Xobeh.
   180 | D        | Found an iron altar of Okawaru.
   181 | D        | Found a stormy altar of Qazlal.
   182 | D        | Found a sacrificial altar of Ru.
   183 | D        | Found a shimmering blue altar of Sif Muna.
   184 | D        | Found a bloodstained altar of Trog.
   185 | D        | Found a hide-covered altar of Uskayaw.
   186 | D        | Found a radiant altar of Vehumet.
   187 | D        | Found an ornate altar of the Wu Jian Council.
   188 | D        | Found a shimmering altar of Xom.
   190 | D        | Became a worshipper of Warmaster Okawaru
   192 | D        | Found a basalt altar of Yredelemnul.
   243 | D        | Noticed a shadow
   243 | D        | Noticed a yak
   243 | D        | Noticed a two-headed ogre
   243 | D        | Noticed a wraith
   243 | D        | Noticed a centaur
   243 | D        | Noticed a kobold brigand
   253 | D        | Mangled by a shadow

Illustrated notes

Levels and vault maps discovered:
D:        linesprint [early_d, line_temple, items_1, d_10, items_2, lair_1,
          lair_end, items_3, orc_1, orc_end, items_4, d_15, swamp_1, shoals_1,
          snake_1, spider_1, d_20, vaults_1, items_5, swamp_end, shoals_end,
          snake_end, spider_end, vaults_end, d_27, items_6, zot_1, zot_end,
          crypt_end, forest_end, elf_end, slime_end, tomb_end, abyss_end,
          pan_hell_end]

Skill      XL: |  1  2  3 |
---------------+----------+-----
Long Blades    | 3 4 |  4.3
Armour         | 2 3 |  3.1
Dodging        | 3 4 |  4.3
Fighting       | 3 4 |  4.2
Throwing       | |  1.7

Action                   || total
-------------------------++-------
Melee: Long sword        ||    53
Evoke: Wand              ||     1
Armor: Leather armour    ||    18
       Plate armour      ||     5
Dodge: Dodged            ||    37

Table legend: (Time is in decaauts)
 A = Elapsed time spent in this place.
 B = Non-inter-level travel time spent in this place.
 C = Inter-level travel time spent in this place.
 D = Time resting spent in this place.
 E = Time spent auto-exploring this place.
 F = Levels seen in this place.
 G = Mean time per level.
                   A        B        C        D        E       F      G
               +--------+--------+--------+--------+--------+-----+--------+
         Total |    263 |    263 |      0 |    113 |      0 |   1 |  263.0 |
       Dungeon |    263 |    263 |      0 |    113 |      0 |   1 |  263.0 |
               +--------+--------+--------+--------+--------+-----+--------+

Top non-repeatable levels by time:
       D: 263 daAuts
